 Dungeon Crawl Stone Soup version 0.29.1-1-gd02db6906a (webtiles) character file.

Game seed: 9632535298299988461

235 Zeld the Chopper (level 5, -7/47 HPs)
             Began as a Minotaur Berserker on Oct 15, 2022.
             Was a Priest of Trog.
             Engulfed by a steam dragon's steam (16 damage)
             ... on level 4 of the Dungeon.
             The game lasted 00:03:53 (3303 turns).

Zeld the Chopper (Minotaur Berserker)               Turns: 3303, Time: 00:03:53

Health: -7/47      AC:  2    Str: 24    XL:     5   Next: 76%
Magic:  4/4        EV:  8    Int:  4    God:    Trog [***...]
Gold:   19         SH:  9    Dex:  9    Spells: 4/4 levels left

rFire   . . .      SeeInvis +   a - +0 war axe
rCold   . . .      Faith    .   q - +0 tower shield
rNeg    . . .      Spirit   .   b - +0 animal skin
rPois   .          Reflect  .   (helmet restricted)
rElec   .          Harm     .   (no cloak)
rCorr   .          Rampage  .   (no gloves)
Will    .....                   (no boots)
Stlth   +.........              (no amulet)
HPRegen 0.15/turn               s - ring of see invisible
MPRegen 0.09/turn               (no ring)

@: no status effects
A: horns 2, retaliatory headbutt
a: Renounce Religion, Berserk, Trog's Hand


You were on level 4 of the Dungeon.
You worshipped Trog.
Trog was most pleased with you.
You visited 2 branches of the dungeon, and saw 5 of its levels.

You collected 243 gold pieces.
You spent 224 gold pieces at shops.

Inventory:

Hand Weapons
 a - a +0 war axe (weapon)
Armour
 b - a +0 animal skin (worn)
 q - a +0 tower shield (worn)
Jewellery
 s - a ring of see invisible (left hand)
Wands
 t - a wand of roots (7)
Scrolls
 c - 5 scrolls of identify
 d - a scroll of fog {unknown}
 f - 2 scrolls of vulnerability {unknown}
 g - 4 scrolls of teleportation
 i - 2 scrolls of amnesia {unknown}
 k - 2 scrolls of enchant weapon {unknown}
 p - a scroll of fear {unknown}
Potions
 e - 4 potions of flight
 h - a potion of lignification {unknown}
 j - 2 potions of brilliance {unknown}
 l - a potion of heal wounds {unknown}
 m - 3 potions of curing
 n - a potion of ambrosia
 o - a potion of might {unknown}
 r - a potion of attraction {unknown}


   Skills:
 + Level 4.7 Fighting
 * Level 5.7 Axes
 + Level 3.9 Armour
 + Level 3.5 Dodging


You had 4 spell levels left.
You didn't know any spells.
Your spell library was empty.

Dungeon Overview and Level Annotations

Branches:
Dungeon (4/15)             Temple (1/1) D:4

Altars:
Ashenzari
Dithmenos
Elyvilon
Hepliaklqana
Kikubaaqudgha
Makhleb
Nemelex Xobeh
Okawaru
Qazlal
Ru
Sif Muna
Trog
Vehumet
Xom
Yredelemnul
Zin

Shops:
D:3 ?!   D:4 ?[*(


Innate Abilities, Weirdness & Mutations

You have a pair of horns on your head.
You reflexively headbutt those who attack you in melee.


Message History

You start resting.
HP restored.
t - a wand of roots (7)
Found 8 gold pieces.
There is an entrance to Opte Xetsase's Weapon Emporium here.
There is an entrance to Orelaw's Antique Armour Emporium here.
You can access your shopping list by pressing '$'.
There is an entrance to Naun's Magic Scroll Emporium here.
c - 5 scrolls of identify (gained 1) Thank you for shopping at Naun's Magic Scroll Emporium!
You can access your shopping list by pressing '$'.
There is an entrance to Petogix's General Store here.
You can access your shopping list by pressing '$'.
You now have 19 gold pieces (gained 8).
Found a Trismegistus Codex.
A hobgoblin comes into view.
The hobgoblin shouts!
Search for what [Enter for "armor", or ? for help]?
A steam dragon and an adder come into view.
Found 3 stones.
The steam dragon hisses angrily.
The adder hisses angrily.
You barely miss the hobgoblin. The steam dragon breathes steam at you.
The ball of steam hits you!! The hobgoblin barely misses you.
You furiously retaliate!
You headbutt the hobgoblin, but do no damage.
The hobgoblin barely misses you.
You are engulfed in a cloud of scalding steam.
The hobgoblin completely misses you.
You barely miss the hobgoblin.
You are engulfed in a cloud of scalding steam.
* * * LOW HITPOINT WARNING * * *
The adder is engulfed in a cloud of scalding steam. x2
The adder dies!
You block the hobgoblin's attack.
You closely miss the hobgoblin. You headbutt the hobgoblin.
You kill the hobgoblin!
Trog accepts your kill.
You are engulfed in a cloud of scalding steam.
You die...

##### #...##########
#### #.............
.##.(.# #..♣.♣.♣.♣..##
.......####.....∩....###
.............♣.♣.♣.♣....
#.....###...∩.⌠.∩.)...
8#....†#....♣.♣.♣.♣)).)
.D.§D§@§.#.....∩.....).
......######.♣.♣.♣.♣.###
.8#.. ### #.........# #
## ....# ###....####
..#..## ##...#
......####### .....##
###### #.#..#####....#
...###.....)....#.[#


You could see a steam dragon (catching breath).

Vanquished Creatures
  An ogre (D:4)
  2 orc wizards
  2 adders (D:3)
  A dart slug (D:2)
  6 orcs
  10 ball pythons
  4 endoplasms
  2 giant cockroaches
  6 hobgoblins
  11 jackals
  5 kobolds
  2 quokkas
  7 bats
  A frilled lizard (D:1)
  8 goblins
  4 rats
72 creatures vanquished.

Vanquished Creatures (others)
  An adder (D:4)
  5 plants (D:1)
6 creatures vanquished.

Grand Total: 78 creatures vanquished

Notes
Turn   | Place    | Note
-------+----------+-------------------------------------------
     0 | D:1      | Zeld the Minotaur Berserker began the quest for the Orb.
     0 | D:1      | Reached XP level 1. HP: 19/19 MP: 0/0
   224 | D:1      | Reached XP level 2. HP: 22/27 MP: 1/1
   234 | D:1      | Reached skill level 4 in Axes
   767 | D:1      | Reached ** piety under Trog
   961 | D:2      | Reached XP level 3. HP: 33/33 MP: 2/2
  1904 | D:3      | Found Rudumase's Distillery.
  1915 | D:3      | Reached XP level 4. HP: 28/40 MP: 3/3
  1920 | D:3      | Bought a potion of curing for 30 gold pieces
  1920 | D:3      | Bought a potion of ambrosia for 80 gold pieces
  1920 | D:3      | Bought a potion of flight for 30 gold pieces
  2147 | D:3      | Found a broken altar of Ashenzari.
  2404 | D:3      | Reached skill level 5 in Axes
  2595 | D:3      | Found Capiastogab's Magic Scroll Shoppe.
  2616 | D:3      | Bought a scroll of identify for 24 gold pieces
  2616 | D:3      | Bought a scroll of teleportation for 36 gold pieces
  2723 | D:4      | Noticed an ogre
  2731 | D:4      | Killed an ogre
  2732 | D:4      | Reached XP level 5. HP: 47/47 MP: 4/4
  2927 | D:4      | Found a staircase to the Ecumenical Temple.
  2936 | Temple   | Entered the Ecumenical Temple
  3091 | D:4      | Found Opte Xetsase's Weapon Emporium.
  3093 | D:4      | Found Petogix's General Store.
  3093 | D:4      | Found Orelaw's Antique Armour Emporium.
  3096 | D:4      | Found Naun's Magic Scroll Emporium.
  3106 | D:4      | Reached *** piety under Trog
  3288 | D:4      | Bought a scroll of identify for 24 gold pieces
  3299 | D:4      | Noticed a steam dragon
  3303 | D:4      | Engulfed by a steam dragon's steam

Illustrated notes

Levels and vault maps discovered:
D:1:      evilmike_arrival_grusome_pit, layout_rooms, minmay_shallow_snake_nest
D:2:      layout_loops_ring
D:3:      layout_rooms, lemuel_tele_altar, serial_shops, shop,
          nicolae_diamond_shop
D:4:      layout_rooms, minmay_temple_entry_large_hall, st_stairs_6,
          minmay_shop_grid_forest, chequers_serial_rivers_micro_b
Temple:   nicolae_temple_superstar

Skill      XL: |  1  2  3  4 |
---------------+-------------+-----
Axes           | 4 5 |  5.7
Fighting       | 4 |  4.7
Armour         | 3 |  3.9
Dodging        | 3 |  3.5

Action                   |  1- 3 |  4- 6 || total
-------------------------+-------+-------++-------
Melee: Hand axe          |    90 |    49 ||   139
       Headbutt          |    13 |     9 ||    22
       War axe           |       |     3 ||     3
Invok: Berserk           |       |     1 ||     1
Armor: Animal skin       |    27 |    10 ||    37
Dodge: Dodged            |    41 |    17 ||    58
Block: Tower shield      |    68 |    31 ||    99
